 Dungeon Crawl Stone Soup version 0.27-a0-592-g0306a34022 (webtiles) character file.

Game seed: 12062596284601312713

21837 greynaab the Thrower (level 12, -3/95 HPs)
             Began as a Gnoll Wanderer on Mar 9, 2021.
             Was a Priest of Cheibriados.
             Slain by a death yak (9 damage)
             ... on level 3 of the Lair of Beasts on Mar 10, 2021.
             The game lasted 01:09:48 (16868 turns).

greynaab the Thrower (Gnoll Wanderer)              Turns: 16868, Time: 01:09:48

Health: -3/95      AC: 19    Str: 22    XL:     12   Next: 94%
Magic:  8/24       EV: 10    Int: 24    God:    Cheibriados [***...]
Gold:   674        SH: 12    Dex: 18    Spells: 14/27 levels left

rFire    . . .     SeeInvis .   C - +2 whip (freeze)
rCold    + . .     Faith    .   p - +0 kite shield
rNeg     . . .     Spirit   .   z - +1 chain mail {rPois}
rPois    +         Reflect  .   a - +2 helmet
rElec    .         Harm     .   y - +0 cloak
rCorr    .         Rampage  .   K - +0 pair of gloves
Will     .....                  u - +0 pair of boots of Hubris {rC+}
Stlth    +.........             o - amulet of magic regeneration
HPRegen  0.25/turn              i - ring of wizardry
MPRegen  0.44/turn              S - ring of wizardry

@: brilliant, about to teleport, very slow
A: fangs 1, strong nose, distributed training
a: Renounce Religion, Bend Time, Temporal Distortion


You were on level 3 of the Lair of Beasts.
You worshipped Cheibriados.
Cheibriados was most pleased with you.
You visited 2 branches of the dungeon, and saw 13 of its levels.
You also visited: Gauntlet.

You collected 674 gold pieces.

Inventory:

Hand Weapons
 C - a +2 whip of freezing (weapon)
 G - a +2 trident of freezing
 Y - a +1 trident of venom
Missiles
 e - 314 stones
 D - 8 javelins
 J - 44 poisoned darts (quivered)
 L - 5 curare-tipped darts
 O - 2 throwing nets
 R - 14 silver javelins
Armour
 a - a +2 helmet (worn)
 p - a +0 kite shield (worn)
 u - the +0 pair of boots of Hubris (worn) {rC+}
   (You found it in a Gauntlet)

   It protects you from cold.
 v - a +0 ring mail
 y - a +0 cloak (worn)
 z - a +1 chain mail of poison resistance (worn)
 K - a +0 pair of gloves (worn)
Jewellery
 f - a +4 ring of protection
 i - a ring of wizardry (right hand)
 o - an amulet of magic regeneration (around neck)
 q - a ring of protection from fire
 B - a ring of flight
 H - a ring of see invisible
 M - a ring of resist corrosion
 S - a ring of wizardry (left hand)
Wands
 j - a wand of paralysis (7)
 t - a wand of acid (9)
 I - a wand of digging (2)
 V - a wand of mindburst (18)
Scrolls
 d - 2 scrolls of noise {unknown}
 k - 3 scrolls of identify
 n - 3 scrolls of blinking {unknown}
 s - 2 scrolls of immolation {unknown}
 w - 2 scrolls of enchant armour {unknown}
 A - a scroll of enchant weapon {unknown}
 N - 2 scrolls of vulnerability {unknown}
 P - 2 scrolls of amnesia {unknown}
 Q - a scroll of fog {unknown}
 T - a scroll of summoning {unknown}
 U - a scroll of magic mapping
 W - 6 scrolls of teleportation
Potions
 b - 3 potions of might {unknown}
 c - 8 potions of curing
 g - a potion of haste
 h - a potion of heal wounds
 l - 5 potions of flight
 m - a potion of brilliance
 r - 2 potions of attraction {unknown}
 x - 2 potions of ambrosia {unknown}
 E - a potion of lignification
 F - a potion of cancellation {unknown}
Miscellaneous
 X - a phantom mirror
 Z - a condenser vane


   Skills:
 + Level 9.1 Fighting
 + Level 7.7 Short Blades
 + Level 7.7 Long Blades
 + Level 7.7 Axes
 + Level 7.7 Maces & Flails
 + Level 7.7 Polearms
 + Level 7.7 Staves
 + Level 7.7 Slings
 + Level 7.7 Bows
 + Level 7.7 Crossbows
 + Level 9.1 Throwing
 + Level 8.2 Armour
 + Level 7.7 Dodging
 + Level 7.7 Stealth
 + Level 7.7 Shields
 + Level 7.7 Unarmed Combat
 + Level 8.3 Spellcasting
 + Level 6.4 Conjurations
 + Level 6.4 Hexes
 + Level 6.4 Summonings
 + Level 6.4 Necromancy
 + Level 6.8 Translocations
 + Level 6.4 Transmutations
 + Level 6.4 Fire Magic
 + Level 6.4 Ice Magic
 + Level 6.4 Air Magic
 + Level 8.5 Earth Magic
 + Level 6.4 Poison Magic
 + Level 8.5 Invocations
 + Level 7.7 Evocations


You had 14 spell levels left.
You knew the following spells:

 Your Spells              Type           Power      Damage    Failure   Level
a - Sting                 Tmut/Pois      100%       1d8       2%          1
b - Sandblast             Erth           100%       2d20      1%          1
c - Stone Arrow           Conj/Erth      100%       3d13      4%          3
d - Mephitic Cloud        Conj/Pois/Air  57%        N/A       6%          3
e - Ignite Poison         Fire/Tmut/Pois 57%        N/A       6%          3
f - Call Imp              Summ           57%        N/A       3%          2

Your spell library contained the following spells:

 Spells                   Type           Power      Damage    Failure   Level
 Animate Skeleton         Necr           100%       N/A       2%          1
 Beastly Appendage        Tmut           100%       N/A       2%          1
 Foxfire                  Conj/Fire      100%       2x1d9     2%          1
 Magic Dart               Conj           100%       1d8       2%          1
 Pain                     Necr           100%       1d9       2%          1
 Blink                    Tloc           N/A        N/A       2%          2
 Passwall                 Tmut/Erth      51%        N/A       2%          2
 Slow                     Hex            57%        N/A       3%          2
 Wereblood                Tmut           57%        N/A       3%          2
 Conjure Flame            Conj/Fire      57%        6-21      6%          3
 Inner Flame              Hex/Fire       57%        N/A       6%          3
 Spider Form              Tmut/Pois      28%        N/A       6%          3
 Vampiric Draining        Necr           28%        2d10      6%          3
 Petrify                  Tmut/Erth      62%        N/A       13%         4
 Animate Dead             Necr           28%        N/A       19%         4
 Ice Form                 Ice/Tmut       57%        N/A       19%         4
 Sticky Flame             Conj/Fire      57%        2d7       19%         4
 Lee's Rapid Deconstruct  Erth           33%        3d18*     22%         5
 Agony                    Necr           57%        N/A       45%         5
 Blade Hands              Tmut           28%        N/A       45%         5
 Fireball                 Conj/Fire      28%        3d12      45%         5


Dungeon Overview and Level Annotations

Branches:
Dungeon (10/15)            Temple (0/1) D:5            Lair (3/6) D:9
 Spider (0/4) Lair:2      Gauntlet (visited)
  Swamp: Lair:2-4    Shoals: Lair:2-4       Orc: D:9-12

Altars:
Cheibriados
Dithmenos
Fedhas
Gozag
Makhleb
Qazlal
Ru
Sif Muna
Trog
Uskayaw
Vehumet
Xom
Yredelemnul
The Shining One

Shops:
D:6 (   D:9 =

Annotations:
D:4 2 transporters, logorrheac's ghost, amateur DEVM
Lair:2 exclusion: oklob plant


Innate Abilities, Weirdness & Mutations

You have very sharp teeth.
Your uncanny sense of smell can sniff out nearby items.
Your experience applies equally to all skills.


Message History

The flow of time bends around you.
The death yak resists with some effort.
Cheibriados rebukes the death yak.
The death yak seems to slow down.
Unknown command.
Okay, then.
Aiming: Mindburst
Press: ? - help, Shift-Dir - straight line, f - death yak
Aim: a death yak (almost dead, slow, chance to affect: 26%)
Okay, then.
Unknown command.
Okay, then.
Unknown command.
Okay, then.
Unknown command.
It was a potion of brilliance.
You feel clever all of a sudden. You block the death yak's attack. x2
The death yak gores you but does no damage.
It was a potion of heal wounds.
You feel much better. The death yak barely misses you.
You block the death yak's attack. The death yak gores you!
* * * LOW HITPOINT WARNING * * *
Unknown command.
Casting: Ignite Poison (mildly dangerous; 6% risk of failure)
Confirm with . or Enter, or press ? or * to list all spells.
Okay, then.
Unknown command.
Aiming: Dig
Press: ? - help, Shift-Dir - straight line The rock shatters into small pieces.
The death yak barely misses you. The death yak gores you!!
* * * LOW HITPOINT WARNING * * *
A soldier ant comes into view.
You block the death yak's attack. The death yak barely misses you.
A soldier ant comes into view.
The soldier ant waves its antennae.
The death yak completely misses you.
As you read the scroll of teleportation, it crumbles to dust.
You feel strangely unstable. The death yak gores you!
You die...

##...#.#.#P.#.............
#................(.#.#..#
#.................# .#
##................#
#...........[#....#
#P............##..#
##..†..YB....## #.#
#.(.###Y##.## ..# #.†.#
##@#.# ..# ##..†# ##..#
[... #....# #B... ....
##...# #...... .... #..B##
#.B.... ##....####P.....#
#...............#
#......(..P.#.#.#
##......Y.....


You could see 2 death yaks and 3 soldier ants.

Vanquished Creatures
  An entropy weaver (Gauntlet)
  A minotaur (Gauntlet)
  Josephine (D:9)
  A catoblepas (Lair:2)
  A two-headed ogre (D:8)
  3 death yaks (Lair:3)
  A fire crab (Gauntlet)
  Pikel (D:4)
  A wolf spider (Gauntlet)
  An orb spider (Lair:2)
  Maurice (D:10)
  A black mamba (Lair:2)
  A rust devil (Gauntlet)
  6 cane toads
  A rime drake (Lair:1)
  A komodo dragon (Lair:2)
  A jumping spider (Gauntlet)
  2 polar bears
  A ynoxinul (Gauntlet)
  Sigmund (D:4)
  3 wraiths
  27 yaks
  2 wyverns (Lair:1)
  A soldier ant (Lair:3)
  2 water moccasins
  2 orc warriors
  A sky beast (D:6)
  A black bear (Lair:3)
  4 ogres
  An ice beast (D:7)
  10 centaurs
  A lemure (D:4)
  12 bullfrogs
  8 scorpions
  13 killer bees
  A vampire bat (D:5)
  3 wights (D:8)
  4 howler monkeys
  A centaur zombie (D:8)
  4 quasits
  A bullfrog zombie (D:6)
  3 iron imps (Gauntlet)
  A hound (D:10)
  2 jellies
  A bullfrog skeleton (D:9)
  5 orc priests
  3 iguanas
  Jessica (D:2)
  8 worker ants
  2 orc wizards
  A statue (D:8)
  A hound zombie (D:9)
  A hound skeleton (D:7)
  Robin (D:4)
  10 adders
  14 gnolls
  2 shadow imps
  3 adder skeletons
  An adder zombie (D:9)
  4 worms
  3 dart slugs
  6 fire bats
  4 leopard geckos
  29 orcs
  2 spectral bats (D:5)
  3 bat skeletons (D:5)
  A bat zombie (D:5)
  7 giant cockroaches
  15 goblins
  10 hobgoblins
  4 jackals (D:2)
  13 kobolds
  5 quokkas
  17 bats
  A bat simulacrum (D:5)
  8 frilled lizards
  A leopard gecko skeleton (D:4)
  A quokka skeleton (D:5)
  12 rats
336 creatures vanquished.

Vanquished Creatures (collateral kills)
  A fire bat (Gauntlet)
  A yak (Lair:2)
2 creatures vanquished.

Vanquished Creatures (others)
  6 fungi
  8 plants
14 creatures vanquished.

Grand Total: 352 creatures vanquished

Notes
Turn   | Place    | Note
-------+----------+-------------------------------------------
     0 | D:1      | greynaab the Gnoll Wanderer began the quest for the Orb.
     0 | D:1      | greynaab set off with the following items: a +0 club, a
                  | potion of curing, a +0 robe; and the following spells
                  | available to memorise: Sandblast, Passwall, Sting, Stone
                  | Arrow, Ignite Poison, Lee's Rapid Deconstruction, Petrify
     0 | D:1      | Reached XP level 1. HP: 20/20 MP: 4/4
     2 | D:1      | Learned a level 1 spell: Sting
   321 | D:1      | Learned a level 1 spell: Sandblast
   321 | D:1      | Upgraded the game from 0.27-a0-577-ge2a43ba0c9 to
                  | 0.27-a0-592-g0306a34022
   371 | D:1      | Reached XP level 2. HP: 26/26 MP: 2/5
  1029 | D:1      | Reached XP level 3. HP: 31/31 MP: 2/7
  1033 | D:1      | Learned a level 3 spell: Stone Arrow
  1538 | D:2      | Noticed Jessica
  1615 | D:2      | Reached skill level 1 in Invocations
  1733 | D:2      | Killed Jessica
  1734 | D:2      | Reached skill level 1 in Short Blades
  1734 | D:2      | Reached skill level 1 in Long Blades
  1734 | D:2      | Reached skill level 1 in Axes
  1734 | D:2      | Reached skill level 1 in Maces & Flails
  1734 | D:2      | Reached skill level 1 in Polearms
  1734 | D:2      | Reached skill level 1 in Staves
  1734 | D:2      | Reached skill level 1 in Slings
  1734 | D:2      | Reached skill level 1 in Bows
  1734 | D:2      | Reached skill level 1 in Crossbows
  1734 | D:2      | Reached skill level 1 in Dodging
  1734 | D:2      | Reached skill level 1 in Stealth
  1734 | D:2      | Reached skill level 1 in Shields
  1734 | D:2      | Reached skill level 1 in Unarmed Combat
  1734 | D:2      | Reached skill level 1 in Evocations
  1734 | D:2      | Reached XP level 4. HP: 26/38 MP: 3/8
  1927 | D:2      | Reached skill level 1 in Conjurations
  1927 | D:2      | Reached skill level 1 in Hexes
  1927 | D:2      | Reached skill level 1 in Summonings
  1927 | D:2      | Reached skill level 1 in Necromancy
  1927 | D:2      | Reached skill level 1 in Transmutations
  1927 | D:2      | Reached skill level 1 in Fire Magic
  1927 | D:2      | Reached skill level 1 in Ice Magic
  1927 | D:2      | Reached skill level 1 in Air Magic
  1927 | D:2      | Reached skill level 1 in Poison Magic
  2408 | D:2      | Reached XP level 5. HP: 25/43 MP: 2/9
  3050 | D:3      | Found a snail-covered altar of Cheibriados.
  3060 | D:3      | Became a worshipper of Cheibriados the Contemplative
  3396 | D:3      | Found a faded altar of an unknown god.
  4213 | D:3      | Reached * piety under Cheibriados
  4214 | D:3      | Noticed an orc warrior
  4246 | D:3      | Killed an orc warrior
  4247 | D:3      | Reached skill level 5 in Fighting
  4247 | D:3      | Reached skill level 5 in Throwing
  4247 | D:3      | Reached XP level 6. HP: 29/51 MP: 2/11
  4704 | D:3      | Found a hide-covered altar of Uskayaw.
  4708 | D:3      | Found a sacrificial altar of Ru.
  4712 | D:3      | Found a burning altar of Makhleb.
  4923 | D:4      | Noticed Robin
  4940 | D:4      | Killed Robin
  5198 | D:4      | Noticed Pikel
  5230 | D:4      | Killed Pikel
  5231 | D:4      | Reached XP level 7. HP: 56/56 MP: 2/13
  5372 | D:4      | Found a transporter.
  5375 | D:4      | Noticed logorrheac's ghost (amateur DEVM)
  5376 | D:4      | Found a transporter.
  5376 | D:4      | Identified the +11 great mace "Undertaker" {protect, rElec
                  | rC- Will++ Stlth+}
  5400 | D:4      | Noticed Sigmund
  5403 | D:4      | Killed Sigmund
  5403 | D:4      | Reached ** piety under Cheibriados
  5404 | D:4      | Reached XP level 8. HP: 63/63 MP: 4/14
  5871 | D:5      | Entered Level 5 of the Dungeon
  5891 | D:5      | Found a staircase to the Ecumenical Temple.
  6178 | D:5      | Reached *** piety under Cheibriados
  6853 | D:5      | Found a shimmering blue altar of Sif Muna.
  6859 | D:5      | Found an opulent altar of Gozag.
  7571 | D:6      | Reached **** piety under Cheibriados
  7581 | D:6      | Reached XP level 9. HP: 60/69 MP: 4/16
  7766 | D:6      | Found a shimmering altar of Xom.
  7880 | D:6      | Found Otozuj's Antique Weapon Shop.
  8012 | D:6      | Reached skill level 5 in Spellcasting
  8594 | D:7      | Reached skill level 5 in Armour
  9237 | D:7      | Reached ***** piety under Cheibriados
  9266 | D:7      | Reached skill level 5 in Invocations
  9528 | D:7      | Found a faded altar of an unknown god.
  9528 | D:7      | Found a basalt altar of Yredelemnul.
  9536 | D:7      | Found a shadowy altar of Dithmenos.
  9538 | D:7      | Found a glowing golden altar of the Shining One.
  9540 | D:7      | Found a bloodstained altar of Trog.
  9729 | D:7      | Reached XP level 10. HP: 50/77 MP: 12/18
  9755 | D:7      | Reached skill level 5 in Short Blades
  9755 | D:7      | Reached skill level 5 in Long Blades
  9755 | D:7      | Reached skill level 5 in Axes
  9755 | D:7      | Reached skill level 5 in Maces & Flails
  9755 | D:7      | Reached skill level 5 in Polearms
  9755 | D:7      | Reached skill level 5 in Staves
  9755 | D:7      | Reached skill level 5 in Slings
  9755 | D:7      | Reached skill level 5 in Bows
  9755 | D:7      | Reached skill level 5 in Crossbows
  9755 | D:7      | Reached skill level 5 in Dodging
  9755 | D:7      | Reached skill level 5 in Stealth
  9755 | D:7      | Reached skill level 5 in Shields
  9755 | D:7      | Reached skill level 5 in Unarmed Combat
  9755 | D:7      | Reached skill level 5 in Evocations
 10323 | D:8      | Noticed a two-headed ogre
 10338 | D:8      | Killed a two-headed ogre
 10557 | D:8      | Found a radiant altar of Vehumet.
 10832 | D:8      | Reached skill level 5 in Translocations
 10887 | D:8      | Learned a level 3 spell: Mephitic Cloud
 10891 | D:8      | Learned a level 3 spell: Ignite Poison
 11221 | D:9      | Found Mablor's Jewellery Boutique.
 11333 | D:9      | Found a stormy altar of Qazlal.
 11348 | D:9      | Found a staircase to the Lair.
 11780 | D:9      | Reached XP level 11. HP: 54/84 MP: 11/20
 11927 | D:9      | Found a blossoming altar of Fedhas.
 12547 | D:10     | Entered Level 10 of the Dungeon
 12675 | D:10     | Noticed Maurice
 12684 | D:10     | Killed Maurice
 12685 | D:10     | Reached skill level 5 in Conjurations
 12685 | D:10     | Reached skill level 5 in Hexes
 12685 | D:10     | Reached skill level 5 in Summonings
 12685 | D:10     | Reached skill level 5 in Necromancy
 12685 | D:10     | Reached skill level 5 in Transmutations
 12685 | D:10     | Reached skill level 5 in Fire Magic
 12685 | D:10     | Reached skill level 5 in Ice Magic
 12685 | D:10     | Reached skill level 5 in Air Magic
 12685 | D:10     | Reached skill level 5 in Poison Magic
 12909 | D:10     | Noticed Josephine
 13094 | D:10     | Noticed a fire dragon
 13103 | D:9      | Killed Josephine
 13136 | Lair:1   | Entered Level 1 of the Lair of Beasts
 14257 | Lair:2   | Found a gate leading to a gauntlet.
 14283 | Gauntlet | Entered a Gauntlet
 14283 | Gauntlet | Found a transporter.
 14283 | Gauntlet | Found a runed translucent gate.
 14283 | Gauntlet | Found a runed translucent gate.
 14285 | Gauntlet | Found a runed translucent gate.
 14290 | Gauntlet | Found a transporter.
 14293 | Gauntlet | Found a transporter.
 14302 | Gauntlet | Found a runed translucent door.
 14304 | Gauntlet | Found a transporter.
 14307 | Gauntlet | Found a transporter.
 14310 | Gauntlet | Noticed a great orb of eyes
 14312 | Gauntlet | Noticed a purple ugly thing
 14322 | Gauntlet | Found a transporter.
 14333 | Gauntlet | Found a transporter.
 14334 | Gauntlet | Noticed a death yak
 14335 | Gauntlet | Noticed a death yak
 14336 | Gauntlet | Noticed a necromancer
 14337 | Gauntlet | Noticed a death yak
 14341 | Gauntlet | Noticed a wolf spider
 14343 | Gauntlet | Noticed an entropy weaver
 14344 | Gauntlet | Found a transporter.
 14356 | Gauntlet | Noticed a reaper
 14357 | Gauntlet | Found a transporter.
 14372 | Gauntlet | Found a transporter.
 14384 | Gauntlet | Found a runed translucent door.
 14386 | Gauntlet | Found a transporter.
 14386 | Gauntlet | Found a transporter.
 14389 | Gauntlet | Found a runed translucent door.
 14390 | Gauntlet | Noticed a fire crab
 14429 | Gauntlet | Found a transporter.
 14442 | Gauntlet | Noticed a death yak
 14444 | Gauntlet | Found a transporter.
 14549 | Gauntlet | Learned a level 2 spell: Call Imp
 14654 | Gauntlet | Killed a fire crab
 14659 | Gauntlet | Reached XP level 12. HP: 34/93 MP: 13/23
 14901 | Gauntlet | Killed an entropy weaver
 14923 | Gauntlet | Identified the +0 pair of boots of Hubris {rC+}
 15079 | Gauntlet | Noticed a minotaur
 15088 | Gauntlet | Killed a minotaur
 15262 | Lair:2   | Noticed a catoblepas
 15287 | Lair:2   | Killed a catoblepas
 16114 | Lair:2   | Found a hole to the Spider Nest.
 16836 | Lair:3   | Noticed a death yak
 16836 | Lair:3   | Noticed a death yak
 16839 | Lair:3   | Noticed a death yak
 16847 | Lair:3   | Noticed a death yak
 16849 | Lair:3   | Noticed a death yak
 16851 | Lair:3   | Noticed a death yak
 16855 | Lair:3   | Killed a death yak
 16856 | Lair:3   | Killed a death yak
 16856 | Lair:3   | Killed a death yak
 16868 | Lair:3   | Slain by a death yak

Illustrated notes

Levels and vault maps discovered:
D:1:      dpeg_arrival_ternary, layout_rooms, minmay_misc_feat_cross,
          kennysheep_crisscross, minmay_misc_feat_roman, minmay_curled_crystal
D:2:      layout_basic, grunt_decor_one_mirror, uniq_jessica
D:3:      layout_loops_ring, grunt_temple_overflow_diamond,
          kennysheep_slug_shrine, chequers_ecumenical_altar_twisty
D:4:      layout_loops_ring, gammafunk_ghost_smash, uniq_sigmund, uniq_robin,
          uniq_pikel
D:5:      layout_cave_pods, minitemple, minmay_temple_entry_trees,
          goddamned_bats
D:6:      layout_basic, serial_shops, shop, basic_altar
D:7:      layout_gridville, chequers_temple_overflow_minitemple, centaur_isle
D:8:      layout_loops_cross, vehumet_statue
D:9:      layout_stronghold, nicolae_overflow_hidden_temple, lair_entry_dummy,
          serial_shops, shop, basic_altar
D:10:     minmay_the_grid_3x3 [minmay_the_grid_outer_diamond,
          minmay_the_grid_garden, minmay_the_grid_odd_star,
          minmay_the_grid_dragon_a, minmay_the_grid_minigrid_large,
          minmay_the_grid_plusring, minmay_the_grid_diamond_grid,
          minmay_the_grid_outer_circle, minmay_the_grid_prize_inner_circle],
          layout_stronghold, serial_shops, nicolae_shop_waterfront,
          uniq_maurice, uniq_josephine
Lair:1:   layout_concentric_octagons, st_stairs_8, grunt_megastairs_5
Lair:2:   layout_chaotic_city, nicolae_spider_entry_orb_guardian,
          gauntlet_entry_generic, cheibrodos_lair_caveside_slide
Lair:3:   layout_chaotic_city, minmay_shoals_entry_lonely_mermaid, zaba_anthell

Skill      XL: |  1  2  3  4  5  6  7  8  9 10 11 12 |
---------------+-------------------------------------+-----
Translocations | 2 3 4 5 6 |  6.8
Invocations    | 1 2 3 4 5 6 7 8 |  8.5
Short Blades   | 1 2 3 4 5 6 7 |  7.7
Long Blades    | 1 2 3 4 5 6 7 |  7.7
Axes           | 1 2 3 4 5 6 7 |  7.7
Maces & Flails | 1 2 3 4 5 6 7 |  7.7
Polearms       | 1 2 3 4 5 6 7 |  7.7
Staves         | 1 2 3 4 5 6 7 |  7.7
Slings         | 1 2 3 4 5 6 7 |  7.7
Bows           | 1 2 3 4 5 6 7 |  7.7
Crossbows      | 1 2 3 4 5 6 7 |  7.7
Dodging        | 1 2 3 4 5 6 7 |  7.7
Stealth        | 1 2 3 4 5 6 7 |  7.7
Shields        | 1 2 3 4 5 6 7 |  7.7
Unarmed Combat | 1 2 3 4 5 6 7 |  7.7
Spellcasting   | 3 4 5 6 7 8 |  8.3
Evocations     | 1 2 3 4 5 6 7 |  7.7
Conjurations   | 1 2 3 4 5 6 |  6.4
Hexes          | 1 2 3 4 5 6 |  6.4
Summonings     | 1 2 3 4 5 6 |  6.4
Necromancy     | 1 2 3 4 5 6 |  6.4
Transmutations | 1 2 3 4 5 6 |  6.4
Fire Magic     | 1 2 3 4 5 6 |  6.4
Ice Magic      | 1 2 3 4 5 6 |  6.4
Air Magic      | 1 2 3 4 5 6 |  6.4
Poison Magic   | 1 2 3 4 5 6 |  6.4
Armour         | 3 4 5 6 7 8 |  8.2
Fighting       | 5 6 7 8 9 |  9.1
Throwing       | 5 6 7 8 9 |  9.1
Earth Magic    | 6 7 8 |  8.5

Action                   |  1- 3 |  4- 6 |  7- 9 | 10-12 || total
-------------------------+-------+-------+-------+-------++-------
Melee: Club              |    14 |       |       |       ||    14
       Bite              |     3 |     3 |    27 |    45 ||    78
       Whip              |    32 |       |   185 |   264 ||   481
       Dagger            |    10 |    25 |       |       ||    35
       Quarterstaff      |       |    23 |       |       ||    23
       Flail             |       |    45 |       |       ||    45
       Punch             |       |       |     2 |     6 ||     8
Throw: Dart              |       |       |    70 |   170 ||   240
 Cast: Sting             |    40 |    88 |     6 |     5 ||   139
       Sandblast         |    10 |    21 |       |     7 ||    38
       Stone Arrow       |     1 |    20 |    54 |    15 ||    90
       Mephitic Cloud    |       |       |       |    18 ||    18
       Ignite Poison     |       |       |       |    53 ||    53
       Call Imp          |       |       |       |    12 ||    12
Invok: Slouch            |       |       |     2 |     9 ||    11
       Bend Time         |       |       |       |     2 ||     2
Evoke: Wand              |       |       |       |     1 ||     1
  Use: Potion            |       |     4 |     1 |     7 ||    12
       Scroll            |       |       |       |     6 ||     6
 Stab: Sleeping          |       |       |     4 |     4 ||     8
       Distracted        |       |       |       |     1 ||     1
       Confused          |       |       |       |     2 ||     2
Armor: Robe              |    36 |    33 |    64 |       ||   133
       Skin              |       |    45 |       |    11 ||    56
       Ring mail         |       |       |    90 |   106 ||   196
       Chain mail        |       |       |       |     7 ||     7
Dodge: Dodged            |    69 |    98 |   221 |   167 ||   555
Block: Kite shield       |       |       |       |    95 ||    95

Table legend: (Time is in decaauts)
 A = Elapsed time spent in this place.
 B = Non-inter-level travel time spent in this place.
 C = Inter-level travel time spent in this place.
 D = Time resting spent in this place.
 E = Time spent auto-exploring this place.
 F = Levels seen in this place.
 G = Mean time per level.
                   A        B        C        D        E       F      G
               +--------+--------+--------+--------+--------+-----+--------+
         Total |  21522 |  20869 |    653 |   3384 |  14096 |  14 | 1537.3 |
       Dungeon |  16264 |  15671 |    593 |   2531 |  10534 |  10 | 1626.4 |
          Lair |   4086 |   4026 |     60 |    457 |   3056 |   3 | 1362.0 |
      Gauntlet |   1170 |   1170 |      0 |    396 |    505 |   1 | 1170.0 |
               +--------+--------+--------+--------+--------+-----+--------+

Top non-repeatable levels by time:
     D:7: 2555 daAuts
     D:9: 2187 daAuts
     D:3: 2114 daAuts
     D:5: 1844 daAuts
  Lair:2: 1830 daAuts
     D:1: 1677 daAuts
  Lair:1: 1651 daAuts
     D:6: 1484 daAuts
     D:4: 1446 daAuts
     D:8: 1442 daAuts
     D:2: 1244 daAuts
Gauntlet: 1170 daAuts
  Lair:3: 605 daAuts
    D:10: 267 daAuts
